 Dungeon Crawl Stone Soup version 0.21.1-1-g345015f (webtiles) character file.

46 EvilAshe the Chiller (level 3, -4/24 HPs)
             Began as a Barachi Ice Elementalist on Feb 19, 2018.
             Splashed by a jelly's acid (8 damage)
             ... on level 2 of the Dungeon.
             The game lasted 00:04:02 (1582 turns).

EvilAshe the Chiller (Barachi Ice Elementalist)     Turns: 1582, Time: 00:04:03

Health: -4/24      AC:  0    Str:  9    XL:     3   Next: 68%
Magic:  0/6        EV: 13    Int: 16    God:
Gold:   86         SH:  0    Dex: 12    Spells: 2/6 levels left

rFire    . . .     SeeInvis .   h - +0 whip
rCold    . . .     Gourm    .   (no shield)
rNeg     . . .     Faith    .   a - +0 robe
rPois    .         Spirit   .   (no helmet)
rElec    .         Reflect  .   (no cloak)
rCorr    .         Harm     .   (no gloves)
MR       .....                  n - +1 pair of boots
Stlth    ++........             (no amulet)
HPRegen  0.08/turn              (no ring)
MPRegen  0.10/turn              (no ring)

@: corroded, can't hop, slow
A: +LOS, swims, slowness 1, strong legs 1
a: Hop


You were on level 2 of the Dungeon.
You were not hungry.

You visited 1 branch of the dungeon, and saw 2 of its levels.

You collected 86 gold pieces.

Inventory:

Hand Weapons
 h - a +0 whip (weapon)
Missiles
 l - 42 stones (quivered)
Armour
 a - a +0 robe (worn)
 n - a +1 pair of boots (worn)
Jewellery
 k - an uncursed amulet of guardian spirit {unknown}
Scrolls
 g - a scroll of remove curse {unknown}
 j - 2 scrolls of identify {unknown}
Potions
 d - 2 potions of heal wounds {unknown}
 e - a potion of brilliance {unknown}
 i - a potion of degeneration {unknown}
 m - a potion of mutation {unknown}
Books
 b - a book of Frost

   Spells                             Type                      Level
   a - Freeze                         Ice                          1
   b - Throw Frost                    Conjuration/Ice              2
   c - Ozocubu's Armour               Charms/Ice                   3
   d - Throw Icicle                   Conjuration/Ice              4
   e - Summon Ice Beast               Ice/Summoning                4
Comestibles
 c - a ration


   Skills:
 + Level 3.0 Dodging
 - Level 1.7 Stealth
 - Level 2.1 Spellcasting
   Level 1.1 Conjurations
 * Level 5.0 Ice Magic


You had 2 spell levels left.
You knew the following spells:

 Your Spells              Type           Power        Failure   Level  Hunger
a - Freeze                Ice            ###.         2%          1    #......
o - Ozocubu's Armour      Chrm/Ice       #.......     22%         3    ###....


Dungeon Overview and Level Annotations

Branches:
Dungeon (2/15)

Altars:
Dithmenos


Innate Abilities, Weirdness & Mutations

Shadows flee at your approach. (+LOS)
You can swim through water.
You cover ground slowly.
You can hop short distances.


Message History

The jelly eats the door!
Casting: Freeze
Confirm with . or Enter, or press ? or * to list all spells.
Aiming: Freeze
Press: ? - help, Shift-Dir - straight line, f - jelly
Aim: a jelly (heavily wounded)
You freeze the jelly.
The jelly is almost dead.
The jelly closely misses you.
Casting: Freeze
Confirm with . or Enter, or press ? or * to list all spells.
Aiming: Freeze
Press: ? - help, Shift-Dir - straight line, f/p - jelly
Aim: a jelly (almost dead)
You freeze the jelly.
The jelly is almost dead.
The jelly hits you.
* * * LOW HITPOINT WARNING * * *
You are splashed with acid!
The acid burns!
You die...

###### ###....###
#....J@..## ########
##++J###..# #.......
##...####.# #.######
##.....###)# #.##....
#.......##.######.##.###
#.......##†...........<.
#.......###.#####.##.#.#
#.......# #.# #.##.#.#
####....# #.# #....###


You could see a jelly and an ooze.

Vanquished Creatures
  An ooze (D:2)
  2 dart slugs
  A leopard gecko (D:1)
  A giant cockroach (D:2)
  5 goblins
  4 hobgoblins
  3 jackals (D:2)
  10 kobolds
  A quokka (D:2)
  A bat (D:2)
  4 frilled lizards
33 creatures vanquished.

Vanquished Creatures (others)
  A fungus (D:2)
  5 toadstools (D:2)
6 creatures vanquished.

Grand Total: 39 creatures vanquished

Notes
Turn   | Place    | Note
-------+----------+-------------------------------------------
     0 | D:1      | EvilAshe the Barachi Ice Elementalist began the quest for the Orb.
     0 | D:1      | Reached XP level 1. HP: 13/13 MP: 3/3
   228 | D:1      | Reached skill level 4 in Ice Magic
   228 | D:1      | Reached XP level 2. HP: 11/19 MP: 1/5
   823 | D:2      | Found a shadowy altar of Dithmenos.
  1133 | D:2      | Reached XP level 3. HP: 24/24 MP: 3/6
  1198 | D:2      | Learned a level 3 spell: Ozocubu's Armour
  1568 | D:2      | Reached skill level 5 in Ice Magic
  1582 | D:2      | Splashed by a jelly's acid

Skill      XL: |  1  2  3 |
---------------+----------+-----
Ice Magic      | 4 5 |  5.0
Dodging        | 3 |  3.0
Stealth        | |  1.7
Spellcasting   | |  2.1
Conjurations   | |  1.1

Action                   || total
-------------------------++-------
Melee: Unarmed           ||     8
       Whip              ||     9
Throw: Stone             ||     3
 Cast: Freeze            ||    51
 Abil: Hop               ||     1
 Stab: Sleeping          ||     3
  Eat: Chunk             ||     3
Armor: Robe              ||     6
Dodge: Dodged            ||    35
